 Dungeon Crawl Stone Soup version 0.25.0-9-g26727b657a (webtiles) character file.

Game seed: 17974474590247055762

56 mopl the Cutter (level 3, 1/23 HPs)
             Began as a Deep Elf Chaos Knight on June 17, 2020.
             Quit the game on level 2 of the Dungeon.
             The game lasted 00:02:58 (2288 turns).

mopl the Cutter (Deep Elf Chaos Knight)             Turns: 2288, Time: 00:02:59

Health: 1/23       AC:  7    Str:  6 (9)  XL:     3   Next: 71%
Magic:  5/5        EV: 10    Int: 14 (17) God:
Gold:   56         SH:  0    Dex: 13 (14) Spells: 2/2 levels left

rFire    . . .     SeeInvis .   a - +0 short sword
rCold    . . .     Gourm    .   (no shield)
rNeg     . . .     Faith    .   e - +0 ring mail (curse)
rPois    .         Spirit   .   (no helmet)
rElec    .         Reflect  .   h - +0 cloak
rCorr    .         Harm     .   k - +0 pair of gloves
MR       .....                  (no boots)
Stlth    ++........             (no amulet)
HPRegen  0.07/turn              m - ring of stealth
MPRegen  0.09/turn              (no ring)

@: lethally poisoned (1 -> -7), stab
A: no striking features
a: no special abilities


You were on level 2 of the Dungeon.
You were not hungry.

You visited 1 branch of the dungeon, and saw 3 of its levels.

You collected 56 gold pieces.

Inventory:

Hand Weapons
 a - a +0 short sword (weapon)
Armour
 b - a +2 leather armour
 e - a cursed +0 ring mail (worn)
 h - a +0 cloak (worn)
 k - a +0 pair of gloves (worn)
Jewellery
 m - a ring of stealth (left hand)
Scrolls
 d - 2 scrolls of teleportation {unknown}
 f - a scroll of remove curse {unknown}
 g - a scroll of enchant armour {unknown}
 j - a scroll of magic mapping {unknown}
Comestibles
 c - 3 rations


   Skills:
 + Level 3.2 Fighting
 + Level 3.9 Short Blades
 - Level 0.7 Armour
 - Level 2.4 Dodging


You had 2 spell levels left.
You didn't know any spells.
Your spell library was empty.

Dungeon Overview and Level Annotations

Branches:
Dungeon (3/15)

Altars:
Vehumet

Annotations:
D:2 Sigmund


Message History

The adder is severely wounded.
The adder bites you but does no damage.
You hit the adder.
The adder is almost dead.
The adder bites you.
* * * LOW HITPOINT WARNING * * *
You are more poisoned.
The adder poisons you!
You hit the adder.
You kill the adder!
* * * LOW HITPOINT WARNING * * *
You feel sick.
It was a potion of degeneration.
There was something very wrong with that liquid.
You feel weakened.
You feel dopey.
You feel clumsy.
* * * LOW HITPOINT WARNING * * *
You feel sick.
It was a potion of stabbing.
You feel ready to backstab.
Are you sure you want to abandon this character and quit the game? (Confirm with "yes".)

####.# #....# #....# #....#
#....# #######....####
#..÷...÷..§...#
#######.#####.§°§§..####
#>......@......§.........
#.###.#######.)...#######
#####.# #.# #..○..# #..(..#
#.# #.#%###
#.....###.#######...####
#.....+..................
+.
#.......###.####.##########
#. #.....(## #.. ...# #.
#......# ######## ##


There were no monsters in sight!

Vanquished Creatures
  2 adders (D:2)
  A dart slug (D:3)
  A leopard gecko (D:1)
  A ball python (D:1)
  3 bats (D:1)
  2 giant cockroaches (D:1)
  4 hobgoblins (D:1)
  A jackal (D:3)
  9 kobolds
  A frilled lizard (D:1)
  3 goblins
  7 rats
35 creatures vanquished.

Vanquished Creatures (others)
  An ogre (D:2)
  Natasha (twice) (D:2)
  A hobgoblin (D:2)
  A jackal (D:2)
5 creatures vanquished.

Grand Total: 40 creatures vanquished

Notes
Turn   | Place    | Note
-------+----------+-------------------------------------------
     0 | D:1      | mopl the Deep Elf Chaos Knight began the quest for the Orb.
     0 | D:1      | Reached XP level 1. HP: 13/13 MP: 3/3
     0 | D:1      | Fell from the grace of Xom
   138 | D:1      | Reached XP level 2. HP: 13/18 MP: 4/4
   284 | D:1      | XOM: give mutations
   284 | D:1      | Gained mutation: Scrolls take you a little longer to read.
                  | [Xom's mischief]
   284 | D:1      | Lost mutation: Scrolls take you a little longer to read.
                  | [Xom's mischief]
   781 | D:1      | XOM: stat loss: -1 Str (8/9)
  1305 | D:2      | Noticed Sigmund
  1383 | D:2      | Reached XP level 3. HP: 8/23 MP: 5/5
  1646 | D:2      | XOM: blink monster(s)
  1916 | D:2      | Noticed Natasha
  1919 | D:2      | Killed Natasha
  1921 | D:2      | Noticed an ogre
  1926 | D:2      | Found a radiant altar of Vehumet.
  1928 | D:2      | Noticed Natasha
  1933 | D:2      | Killed Natasha
  1940 | D:2      | Killed an ogre
  2286 | D:2      | HP: 1/23 [poisoned by an adder]
  2288 | D:2      | Quit the game

Illustrated notes

Levels and vault maps discovered:
D:1:      dpeg_arrival_windows_large_door, layout_basic, roderic_serpentine_path
D:2:      layout_basic, fiery_altar_vehumet, first_ration,
          kennysheep_generic_room_6, uniq_natasha, uniq_sigmund
D:3:      layout_rooms, zin_purify, biasface_ghost_orc_armoury, uniq_grinder

Skill      XL: |  1  2 |
---------------+-------+-----
Fighting       | 3 |  3.2
Short Blades   | |  3.9
Armour         | |  0.7
Dodging        | |  2.4

Action                   || total
-------------------------++-------
Melee: Short sword       ||   169
Invok: Renounce Religion ||     1
  Use: Potion            ||     2
 Stab: Sleeping          ||     4
  Eat: Chunk             ||     4
Armor: Ring mail         ||    65
Dodge: Dodged            ||    88
